 Dungeon Crawl Stone Soup version 0.30-a0-737-gf23d94013f (webtiles) character file.

Game seed: 5391221834156363468

64 BigDaddyOpFi the Chiller (level 3, -3/19 HPs)
             Began as a Deep Elf Ice Elementalist on Feb 2, 2023.
             Killed by nerve-wracking pain
             ... invoked by Jessica
              (13 damage)
             ... on level 3 of the Dungeon.
             The game lasted 00:02:15 (1697 turns).

BigDaddyOpFi the Chiller (DEIE)                     Turns: 1697, Time: 00:02:15

Health: -3/19      AC:  4    Str:  5    XL:     3   Next: 91%
Magic:  7/10       EV: 13    Int: 21    God:
Gold:   103        SH:  0    Dex: 15    Spells: 5/9 levels left

rFire   + . .      SeeInvis .    g - +0 hand axe
rCold   . . .      Faith    .    (no shield)
rNeg    . . .      Spirit   .    a - +0 robe
rPois   .          Reflect  .    (no helmet)
rElec   .          Harm     .    (no cloak)
rCorr   .          Rampage  .    f - +1 pair of gloves
Will    .....                    (no boots)
Stlth   ++                       (no amulet)
HPRegen 0.23/turn                d - ring of protection from fire
MPRegen 0.12/turn                (no ring)

@: freezing walls
A: no striking features
a: no special abilities


You were on level 3 of the Dungeon.
You visited 1 branch of the dungeon, and saw 3 of its levels.

You collected 103 gold pieces.

Inventory:

Hand Weapons
 g - a +0 hand axe (weapon)
Armour
 a - a +0 robe (worn)
 f - a +1 pair of gloves (worn)
Jewellery
 d - a ring of protection from fire (left hand)
Scrolls
 c - 3 scrolls of teleportation {unknown}
 e - a scroll of fear {unknown}
 h - 2 scrolls of identify {unknown}
 i - a scroll of enchant armour {unknown}
 j - a scroll of vulnerability {unknown}
 k - a scroll of fog {unknown}
Potions
 b - a potion of magic
 l - 2 potions of curing {unknown}
 m - 2 potions of heal wounds {unknown}
 n - a potion of resistance {unknown}
 o - 2 potions of might {unknown}


   Skills:
 + Level 3.2 Dodging
 + Level 3.4 Stealth
 + Level 3.9 Spellcasting
 + Level 4.9 Ice Magic


You had 5 spell levels left.
You knew the following spells:

 Your Spells              Type           Power      Damage    Failure   Level
a - Freeze                Ice            96%        1d10      1%          1
b - Frozen Ramparts       Ice            48%        1d8       4%          3

Your spell library contained the following spells:

 Spells                   Type           Power      Damage    Failure   Level
 Ozocubu's Armour         Ice            24%        N/A       4%          3
 Blink                    Tloc           8%         N/A       19%         2
 Lesser Beckoning         Tloc           8%         N/A       19%         2
 Momentum Strike          Conj/Tloc      8%         3d8       19%         2
 Summon Ice Beast         Ice/Summ       14%        N/A       41%         4


Dungeon Overview and Level Annotations

Branches:
Dungeon (3/15)

Altars:
Kikubaaqudgha

Shops:
D:1 :==

Annotations:
D:3 Jessica


Message History

Magic restored.
Things that are here:
a +0 short sword; 3 stones
Things that are here:
a +0 short sword; 3 stones
Found a stone staircase leading up.
No target in view!
o - 2 coppery potions No target in view!
Jessica the Apprentice Sorceress comes into view.
She is wielding a +7 club.
Jessica is nearby!
Jessica shouts!
Jessica mumbles some strange words.
Jessica blinks!
Jessica is nearby!
You can't see any susceptible monsters within range! (Use Z to cast anyway.) Jessica hits you with a +7 club!
Ouch! That really hurt!
You are too injured to fight recklessly!
You are too injured to fight recklessly!
Casting: Freeze (safe; 1% risk of failure)
Confirm with . or Enter, or press ? or * to list all spells.
Casting: Frozen Ramparts (quite dangerous; 4% risk of failure)
Press: ? - help, Dir - look around, f - activate The walls around you are covered in ice.
The wall freezes Jessica but does no damage.
Jessica casts a spell.
Jessica blinks!
Jessica is nearby!
Jessica is nearby!
Your frozen ramparts will break if you move.
Continue? [Y]es or [N]o only, please.
Your frozen ramparts will break if you move.
Continue? [Y]es or [N]o only, please.
Your frozen ramparts will break if you move.
Continue?
Okay, then.
Jessica points at you and mumbles some strange words.
Pain shoots through your body!
Ouch! That really hurt!
You die...

#.# #.# #.# #.# #.# #.#
#.# #.# ####.# ##.##
#....# #
##...###.##.####..#
#.##<....##.##.#.P#..#
#...........##@####..#
####.....##@...#
####...................
...........##.########.
..........###.#
..#####..## #.#
..#...#..# ##.##
..#Pb.#..###...##
..#...#...#.....# ..


You could see Jessica.

Vanquished Creatures
  2 adders (D:2)
  2 dart slugs
  An orc (D:3)
  4 endoplasms
  2 giant cockroaches (D:1)
  5 goblins (D:2)
  4 hobgoblins
  3 quokkas
  2 ball pythons
  5 bats
  A frilled lizard (D:2)
  5 kobolds
  5 rats
41 creatures vanquished.

Notes
Turn   | Place    | Note
-------+----------+-------------------------------------------
     0 | D:1      | BigDaddyOpFi the Deep Elf Ice Elementalist began the quest
                  | for the Orb.
     0 | D:1      | Reached XP level 1. HP: 10/10 MP: 6/6
   142 | D:1      | Found Xumm's Book Shop.
   207 | D:1      | Reached XP level 2. HP: 3/15 MP: 4/8
   443 | D:1      | Found Iguinib's Jewellery Shoppe.
   527 | D:1      | Found Xuvukk's Jewellery Boutique.
   843 | D:2      | Reached XP level 3. HP: 19/19 MP: 5/10
  1000 | D:2      | Found an ancient bone altar of Kikubaaqudgha.
  1069 | D:2      | Learned a level 3 spell: Frozen Ramparts
  1689 | D:3      | Noticed Jessica
  1697 | D:3      | Killed from afar by Jessica

Illustrated notes

Levels and vault maps discovered:
D:1:      dpeg_arrival_court, layout_rooms, serial_shops, shop, shop,
          nicolae_shop_temple_entry_statues_fountains, minmay_stone_trees_small
D:2:      layout_loops_ring, basic_altar, minmay_split_cup_large
D:3:      layout_loops_ring, lemuel_coloured_pillars_altar, serial_aquarium,
          aquarium_bridge_straight [aquarium_subvault_bridge,
          aquarium_subvault_window, aquarium_subvault_bridge,
          aquarium_subvault_wall], aquarium_bridge_square
          [aquarium_subvault_window, aquarium_subvault_bridge,
          aquarium_subvault_bridge, aquarium_subvault_balcony],
          aquarium_window_fake, aquarium_window_2, aquarium_window_corridor_1,
          aquarium_window_fake, aquarium_view_2b, aquarium_pool_2, uniq_ijyb,
          uniq_jessica

Skill      XL: |  1  2 |
---------------+-------+-----
Stealth        | 3 |  3.4
Dodging        | 3 |  3.2
Spellcasting   | |  3.9
Ice Magic      | |  4.9

Action                     || total
---------------------------++-------
  Melee: Hand axe          ||     8
   Cast: Freeze            ||    55
         Frozen Ramparts   ||     2
   Stab: Sleeping          ||     1
 Armour: Robe              ||     9
  Dodge: Dodged            ||    35

Table legend: (Time is in decaauts)
 A = Elapsed time spent in this place.
 B = Non-inter-level travel time spent in this place.
 C = Inter-level travel time spent in this place.
 D = Time resting spent in this place.
 E = Time spent auto-exploring this place.
 F = Levels seen in this place.
 G = Mean time per level.
                   A        B        C        D        E       F      G
               +--------+--------+--------+--------+--------+-----+--------+
         Total |   1697 |   1649 |     48 |      3 |   1403 |   3 |  565.7 |
       Dungeon |   1697 |   1649 |     48 |      3 |   1403 |   3 |  565.7 |
               +--------+--------+--------+--------+--------+-----+--------+

Top non-repeatable levels by time:
     D:2: 872 daAuts
     D:1: 738 daAuts
     D:3: 86 daAuts
